Map: Polka LE

Players

Massa

  • Race: Terran Terran
  • League: Platinum
  • Spawn Location: 5:00

qqq

  • Race: Zerg Zerg
  • Spawn Location: 5:00

alfi - Winner!

  • Race: Terran Terran
  • League: Master
  • Spawn Location: 11:00

CoolDrink - Winner!

  • Race: Terran Terran
  • Spawn Location: 11:00

VOD

Have the link to the VOD?

Description

Time

  • Played on: Feb. 12, 2021, 4:06 p.m.
  • Length: 12:19
Show
View Real Time Build Order
Export as new Build Order

Massa Terran 

Build Orders:  

Get SALT Encoding   

  12  0:01  SCV  
  13  0:13  SCV  
  14  0:23  Supply Depot  
  14  0:25  SCV  
  15  0:38  Refinery  
  15  0:44  SCV  
  15  0:46  Barracks  
  16  0:56  SCV  
  17  1:08  SCV  
  18  1:21  SCV  
  19  1:25  Barracks  
  19  1:28  Barracks  
  19  1:35  Marine  
  19  1:39  Bunker  
  20  1:44  SCV  
  21  1:53  Marine  
  22  1:58  Supply Depot  
  22  2:12  Marine  
  23  2:17  Marine  
  23  2:22  Marine  
  24  2:30  Marine  
  24  2:31  Orbital Command  
  24  2:35  Marine  
  26  2:40  Reaper  
  27  2:47  Marine  
  28  2:53  Marine  
  28  2:54  Factory  
  29  3:12  Barracks Tech Lab  
  29  3:23  Marine x2  
  31  3:38  Supply Depot  
  31  3:53  Marine x2  
  31  3:54  Marauder  
  31  4:10  Marine  
  31  4:11  Marine  
  31  4:16  Marauder  
  32  4:28  Marine  
  32  4:29  Marine  
  34  4:35  Hellion  
  34  4:37  Marauder  
  38  4:45  Stimpack  
  38  4:46  Marine  
  38  4:47  Command Center  
  39  4:54  Supply Depot  
  39  5:07  Factory Tech Lab, Engineering Bay  
  39  5:16  Marauder, Marine  
  42  5:23  Marine  
  43  5:29  Cyclone  
  43  5:34  Marine  
  47  5:51  Supply Depot  
  47  5:54  Terran Infantry Weapons Level 1, Missile Turret  
  47  5:58  Marine  
  47  6:00  Supply Depot  
  48  6:08  SCV  
  49  6:12  SCV  
  50  6:25  SCV, Combat Shield  
  51  6:31  Starport  
  51  6:48  Orbital Command  
  51  6:50  SCV  
  51  6:53  Barracks Reactor  
  52  6:54  Marine  
  52  6:55  Marine  
  52  6:58  Cyclone  
  57  7:02  SCV  
  58  7:12  Marine x2  
  58  7:14  SCV  
  61  7:26  SCV  
  62  7:30  Marine x2  
  62  8:07  SCV  
  62  8:08  SCV  
  62  8:11  Concussive Shells  
  62  8:12  Marauder, Marine x3  
  68  8:16  Liberator  
  73  8:20  SCV x2  
  74  8:30  Marine x3  
  74  8:32  SCV  
  78  8:42  Supply Depot x4  
  78  8:44  Refinery, Supply Depot  
  78  8:47  SCV x2, Marine  
  78  8:48  Marine x2  
  66  8:59  SCV  
  48  9:13  Marauder, Marine x2  
  48  9:14  Marine  
  53  9:17  Medivac  
  53  9:20  Refinery  
  53  9:22  Refinery  
  53  9:24  SCV x2  
  57  9:31  Marine x2, Command Center  
  57  9:34  Marauder  
  57  9:36  SCV x2  
  63  9:48  SCV  
  63  9:52  Siege Tank  
  67  9:56  Marauder  
  69  10:09  SCV x2  
  71  10:17  Barracks Reactor  
  71  10:18  Marauder, Marine x2  
  71  10:21  SCV x2  
  77  10:33  SCV  
  78  10:36  Marine x2  
  78  10:39  Marauder  
  78  10:42  Siege Tank  
  85  10:45  Medivac  
  84  10:54  Marine x2  
  77  11:01  Marauder  
  55  11:12  Marine  
  55  11:14  Siege Tank  
  55  11:15  Medivac  
  57  11:21  Bunker  
  57  11:22  Bunker  
  57  11:24  Bunker x2  
  57  11:25  Barracks  
  47  11:27  Barracks  
  47  11:28  Barracks  
  11  12:18  Barracks  
Show
View Real Time Build Order
Export as new Build Order

qqq Zerg 

Build Orders: Hatch First 

Get SALT Encoding   

  12  0:06  Drone  
  13  0:08  Drone  
  14  0:22  Overlord  
  14  0:48  Hatchery  
  13  0:59  Drone x3  
  16  1:13  Drone  
  17  1:23  Spawning Pool  
  17  1:24  Drone, Extractor  
  16  1:41  Drone  
  16  1:43  Drone  
  18  1:57  Drone  
  18  2:01  Drone  
  20  2:04  Drone  
  21  2:09  Queen  
  21  2:10  Queen  
  21  2:15  Drone  
  26  2:21  Zergling x2  
  27  2:25  Drone  
  27  2:28  Metabolic Boost  
  28  2:31  Overlord  
  28  2:49  Overlord  
  28  2:51  Zergling x2  
  29  2:52  Drone x2  
  31  3:02  Hatchery  
  31  3:05  Zergling x2  
  31  3:06  Drone  
  31  3:09  Zergling x2  
  31  3:12  Zergling x2  
  34  3:27  Spine Crawler  
  34  3:28  Spine Crawler  
  34  3:30  Zergling x6  
  34  3:32  Drone  
  36  3:47  Zergling x4  
  36  3:55  Zergling x2  
  34  3:56  Zergling x10  
  34  3:57  Zergling x2  
  38  4:06  Zergling x2  
  38  4:07  Drone  
  40  4:16  Zergling x2  
  37  4:17  Drone x2  
  38  4:24  Zergling x2  
  39  4:33  Zergling x2  
  39  4:34  Drone x2, Zergling x2  
  42  4:42  Zergling x2  
  42  4:49  Drone x2, Zergling x4  
  42  4:56  Zergling x4  
  42  4:57  Drone, Zergling x2  
  42  4:58  Drone x2, Zergling x2  
  49  5:04  Zergling x2  
  50  5:10  Overlord  
  50  5:11  Overlord  
  50  5:21  Lair  
  50  5:24  Spore Crawler  
  50  5:27  Queen, Overlord  
  50  5:28  Overlord  
  51  5:29  Drone  
  51  5:38  Drone x5  
  51  5:39  Drone  
  57  5:48  Drone  
  58  5:51  Drone x2  
  60  6:00  Zergling x4  
  60  6:01  Drone x2, Zergling x4  
  67  6:04  Drone x2  
  67  6:05  Extractor  
  67  6:13  Drone x2  
  67  6:15  Zergling x2  
  70  6:20  Evolution Chamber  
  70  6:23  Evolution Chamber, Hydralisk Den  
  67  6:31  Drone x2  
  67  6:32  Drone x2  
  71  6:33  Drone  
  71  6:34  Drone x2  
  71  6:37  Drone x2  
  71  6:38  Drone  
  71  6:39  Zergling x2  
  78  7:12  Zergling x6  
  78  7:14  Overlord x8  
  81  7:21  Drone  
  82  7:26  Hatchery  
  81  7:30  Zergling x2  
  81  7:32  Overlord x3  
  80  7:40  Hatchery, Hydralisk x4, Zergling x4  
  80  7:42  Hydralisk  
  79  7:45  Zerg Missile Weapons Level 1, Zerg Ground Armor Level 1  
  79  7:46  Muscular Augments  
  79  7:54  Zergling x2  
  79  7:55  Drone x2  
  82  7:58  Extractor  
  82  8:01  Extractor  
  82  8:04  Drone  
  81  8:22  Hydralisk, Zergling x2  
  81  8:23  Hydralisk x2, Zergling x2  
  81  8:26  Drone x2  
  91  8:27  Zergling x2  
  91  8:45  Hydralisk  
  91  8:46  Zergling x6  
  91  8:47  Zergling x4  
  91  8:48  Drone x2  
  91  8:53  Drone x4  
  91  8:55  Extractor  
  90  8:57  Extractor  
  90  9:02  Spine Crawler  
  82  9:09  Drone x3  
  85  9:10  Hydralisk x2  
  85  9:13  Drone x2  
  89  9:18  Drone  
  89  9:22  Drone  
  91  9:29  Infestation Pit  
  91  9:30  Drone x2  
  91  9:40  Spine Crawler  
  91  9:41  Drone x3  
  91  9:42  Spine Crawler  
  92  9:51  Zerg Missile Weapons Level 2  
  91  9:53  Hatchery, Drone x3  
  91  9:55  Hatchery  
  91  9:58  Drone  
  91  9:59  Drone x2  
  95  10:03  Extractor  
  95  10:04  Extractor x2  
  95  10:05  Spine Crawler  
  95  10:06  Drone x2, Spine Crawler  
  95  10:07  Hydralisk x6  
  92  10:09  Zergling x10  
  92  10:10  Zergling x2  
  110  10:17  Drone x3  
  113  10:41  Grooved Spines  
  113  10:44  Drone x2  
  113  10:45  Drone x5, Hydralisk  
  113  10:46  Hydralisk x6  
  110  10:58  Hydralisk  
  110  10:59  Hydralisk x2  
  108  11:06  Drone x2  
  108  11:07  Drone, Zergling x6  
  105  11:12  Drone  
  105  11:13  Drone  
  105  11:14  Lurker Den, Zergling x4  
  109  11:18  Zergling x8  
  100  11:43  Zergling x2  
  100  11:44  Hydralisk x3, Zergling x6  
  100  11:45  Hydralisk x6  
  100  11:46  Hydralisk x3  
Show
View Real Time Build Order
Export as new Build Order

alfi Terran - Winner!

Build Orders:  

Get SALT Encoding   

  12  0:00  SCV  
  13  0:13  SCV  
  14  0:18  Supply Depot  
  14  0:25  SCV  
  15  0:40  SCV  
  16  0:49  Barracks  
  16  0:54  Barracks  
  16  0:58  SCV  
  17  1:10  SCV  
  18  1:22  SCV  
  19  1:36  Orbital Command  
  19  1:38  Marine  
  19  1:39  Barracks  
  20  1:41  Marine  
  20  1:43  Barracks  
  21  1:50  Supply Depot  
  21  1:56  Marine  
  21  1:59  Marine  
  23  2:05  Supply Depot  
  23  2:14  Marine  
  23  2:15  SCV  
  25  2:17  Marine  
  26  2:27  Marine  
  27  2:30  Marine  
  27  2:32  Marine  
  27  2:35  Marine  
  29  2:44  Marine  
  29  2:47  Marine  
  29  2:50  Marine  
  32  2:53  Marine  
  32  2:56  Supply Depot  
  33  3:02  Marine  
  33  3:05  SCV, Marine  
  35  3:07  Marine  
  35  3:10  Marine  
  38  3:20  Marine, Supply Depot  
  38  3:23  Marine  
  38  3:25  Marine  
  41  3:28  Marine  
  42  3:35  Supply Depot  
  42  3:38  Marine  
  42  3:41  Marine  
  43  3:43  Marine  
  43  3:46  Marine  
  41  3:56  Marine  
  41  3:59  Marine  
  41  4:01  Marine  
  36  4:12  Marine  
  36  4:17  Marine x2  
  37  4:18  Command Center  
  30  4:24  Marine  
  30  4:29  Marine  
  30  4:34  Marine  
  30  4:36  SCV  
  29  4:57  Barracks  
  29  4:58  Barracks x2  
  22  5:00  Barracks  
  22  5:07  Barracks  
  22  5:11  Barracks  
  22  5:12  SCV  
  22  5:26  SCV  
  23  5:30  Orbital Command  
  23  5:38  SCV  
  24  5:44  Marine x3  
  24  5:46  Marine  
  28  5:50  Barracks  
  28  5:56  Marine  
  29  5:57  Marine  
  29  6:00  SCV  
  29  6:01  Marine  
  29  6:02  SCV, Marine x2  
  35  6:04  Marine  
  36  6:12  SCV  
  36  6:14  SCV, Marine  
  36  6:15  Marine  
  40  6:19  Marine  
  40  6:20  Marine x2  
  40  6:22  Marine  
  40  6:24  SCV  
  45  6:28  SCV  
  45  6:32  Marine  
  47  6:33  Marine  
  47  6:36  SCV  
  47  6:37  Marine x3  
  47  6:38  Marine  
  53  6:40  SCV, Marine  
  55  6:48  SCV  
  55  6:50  Marine  
  55  6:51  Marine, Supply Depot  
  55  6:52  SCV  
  59  6:54  Marine  
  59  6:55  Marine x3  
  59  6:57  Marine  
  64  7:07  Marine  
  65  7:08  Marine  
  65  7:12  Marine  
  65  7:13  Marine x3  
  70  7:15  Marine  
  70  7:17  Command Center  
  71  7:25  Marine  
  71  7:26  Marine  
  73  7:30  Marine x2  
  73  7:31  Marine x2  
  73  7:33  Marine  
  77  7:43  Marine  
  55  7:44  Marine  
  55  7:48  Marine x2  
  55  7:49  Marine x2  
  55  7:51  SCV, Barracks, Marine  
  59  7:52  Barracks  
  59  7:53  Barracks  
  61  7:59  SCV  
  61  8:01  Marine  
  61  8:02  Marine  
  61  8:03  SCV  
  65  8:06  Marine x2  
  65  8:07  Marine x2  
  65  8:09  Marine  
  70  8:15  SCV  
  70  8:17  SCV  
  70  8:19  Marine  
  73  8:20  Marine  
  73  8:23  Marine  
  73  8:24  Marine x3  
  73  8:27  Marine  
  78  8:30  Supply Depot  
  78  8:31  Supply Depot  
  79  8:37  Marine x2  
  76  8:41  Marine  
  76  8:42  Marine x2  
  62  8:50  Marine  
  62  8:51  Marine x4  
  62  8:54  Marine  
  51  8:55  Marine  
  51  8:59  Marine x2  
  51  9:00  Marine  
  50  9:08  Marine  
  50  9:09  Marine x2  
  53  9:14  Marine  
  53  9:15  Marine  
  53  9:16  Marine  
  56  9:17  Marine  
  56  9:20  Marine x2  
  56  9:23  Marine  
  60  9:26  Marine x2  
  60  9:27  Marine  
  60  9:30  SCV  
  64  9:32  Marine  
  64  9:36  Marine x2  
  64  9:38  Marine  
  68  9:40  Marine  
  68  9:42  Marine  
  70  9:47  Orbital Command  
  70  9:48  Marine  
  70  9:50  Marine  
  72  9:52  Marine  
  72  9:53  Marine  
  72  9:54  Marine  
  72  9:55  Marine  
  72  9:58  Marine  
  72  9:59  Marine x2  
  78  10:01  Marine  
  78  10:06  Marine  
  81  10:08  Marine  
  81  10:09  SCV  
  81  10:10  SCV, Marine x2  
  81  10:12  Marine  
  81  10:13  Marine  
  88  10:15  Marine  
  88  10:17  Marine x2  
  88  10:19  Marine  
  92  10:24  Marine  
  92  10:25  Marine  
  94  10:28  Marine x2  
  94  10:30  Marine  
  94  10:31  Marine  
  94  10:33  Marine  
  94  10:35  Marine x2  
  101  10:37  Marine  
  101  10:42  Marine  
  103  10:43  Marine  
  103  10:46  Marine x2  
  103  10:48  Marine  
  103  10:49  Marine  
  106  10:51  Marine  
  106  10:52  Marine  
  106  10:53  Marine  
  106  10:55  Marine  
  107  10:58  SCV x3  
  107  11:00  Marine  
  107  11:01  Marine  
  107  11:04  Marine x2  
  111  11:06  Marine  
  111  11:07  Marine  
  111  11:09  Marine  
  111  11:10  Marine  
  111  11:11  Marine  
  116  11:12  Marine  
  116  11:16  SCV  
  116  11:17  Marine  
  119  11:19  Marine  
  119  11:22  Marine x2  
  119  11:23  Marine  
  119  11:24  Marine, Supply Depot  
  124  11:27  Marine  
  124  11:28  Supply Depot  
  125  11:33  Marine  
  125  11:41  Command Center  
  125  11:45  Marine x6  
  131  11:47  Supply Depot  
  131  11:50  Marine x3  
  131  11:52  Supply Depot  
  131  11:53  Marine  
  135  11:58  Supply Depot x2  
  135  12:00  Supply Depot  
  135  12:03  Supply Depot  
  141  12:11  Barracks  
  141  12:12  Barracks x2  
  141  12:14  Barracks  
  141  12:15  Barracks  
  138  12:16  Barracks  
Show
View Real Time Build Order
Export as new Build Order

CoolDrink Terran - Winner!

Build Orders:  

Get SALT Encoding   

  12  0:01  SCV  
  13  0:13  SCV  
  14  0:17  Supply Depot  
  14  0:25  SCV  
  15  0:39  SCV  
  15  0:41  Barracks  
  16  0:45  Refinery  
  16  0:51  SCV  
  17  1:09  SCV  
  18  1:28  Orbital Command  
  18  1:43  Command Center  
  18  1:54  SCV  
  18  1:55  Factory, Marine  
  20  2:06  SCV  
  20  2:07  Supply Depot  
  21  2:18  SCV  
  22  2:30  SCV  
  22  2:32  Barracks Reactor  
  23  2:42  SCV  
  24  2:47  Factory Tech Lab  
  24  2:56  Refinery  
  24  2:57  Orbital Command  
  24  2:58  Command Center  
  24  3:05  SCV  
  25  3:17  SCV  
  26  3:24  SCV  
  27  3:27  Siege Tank  
  27  3:28  Marine x2  
  32  3:39  SCV  
  32  3:40  SCV  
  34  3:44  Bunker  
  34  3:51  SCV  
  35  4:03  SCV  
  35  4:12  Orbital Command  
  35  4:14  Command Center  
  35  4:16  Stimpack  
  35  4:18  Command Center  
  35  4:20  Refinery  
  35  4:23  Refinery  
  35  4:42  SCV, Bunker  
  35  4:47  Hellion x2  
  35  4:48  Marine  
  40  4:53  SCV  
  41  5:02  SCV x2  
  41  5:06  Marine  
  44  5:16  Bunker  
  44  5:20  SCV  
  45  5:24  Marine  
  46  5:28  Barracks  
  46  5:29  Barracks  
  46  5:32  Orbital Command x2  
  46  5:36  Barracks  
  46  5:38  Barracks  
  46  5:42  Marine  
  47  5:43  Hellion  
  47  5:44  Hellion  
  51  5:54  SCV  
  52  5:58  SCV  
  52  5:59  Marine  
  52  6:00  SCV x3  
  57  6:07  Combat Shield  
  57  6:11  Engineering Bay x2  
  57  6:14  Armory  
  57  6:17  Barracks Reactor x2  
  57  6:18  Marauder  
  59  6:30  SCV  
  59  6:31  Orbital Command  
  60  6:34  Barracks Reactor  
  60  6:35  Barracks Reactor  
  60  6:38  Barracks  
  60  6:39  Barracks  
  60  6:40  Orbital Command, Terran Infantry Weapons Level 1, Terran Infantry Armor Level 1  
  60  6:42  SCV  
  60  6:43  Barracks  
  61  6:58  SCV x2  
  63  7:02  SCV  
  64  7:10  Bunker  
  64  7:11  SCV x2  
  64  7:12  SCV x2  
  64  7:14  SCV  
  69  7:26  Factory Tech Lab  
  69  7:28  Barracks  
  69  7:29  Barracks Reactor x2  
  69  7:30  Barracks Reactor  
  69  7:37  Starport  
  69  7:38  SCV  
  69  7:40  Refinery  
  70  8:01  Marine x9  
  79  8:06  Terran Vehicle Weapons Level 1  
  79  8:14  Concussive Shells  
  79  8:16  Medivac x2  
  79  8:19  Marine x8  
  91  8:25  Refinery  
  91  8:26  Refinery  
  91  8:27  Refinery  
  91  8:34  Terran Infantry Armor Level 2, Terran Infantry Weapons Level 2, Supply Depot  
  91  8:37  Supply Depot  
  91  8:46  SCV, Marine  
  91  8:50  SCV  
  91  8:51  Marine  
  91  8:52  SCV  
  91  8:54  SCV  
  91  8:56  Marine x4, Siege Tank  
  92  9:03  Medivac x2  
  92  9:04  Marine  
  92  9:05  Marine x9  
  92  9:08  Marine  
  105  9:13  Marine x2  
  107  9:25  Marine x12  
  107  9:26  Marine  
  107  9:28  Siege Tank  
  123  9:47  Marine x8  
  123  9:48  Supply Depot x2  
  123  9:49  Supply Depot  
  131  9:53  Supply Depot  
  131  10:02  Terran Vehicle Weapons Level 2  
  131  10:09  SCV x3, Marine x11, Medivac  
  131  10:11  SCV x2, Marine x4, Medivac  
  155  10:15  Siege Tank  
  158  10:21  SCV x3  
  158  10:23  SCV x2  
  163  10:31  Marine x8  
  163  10:33  Supply Depot x2  
  163  10:34  Supply Depot  
  171  10:35  Supply Depot  
  171  10:36  Supply Depot  
  171  10:40  Marine  
  171  10:41  Marine  
  171  10:50  Marine x2  
  171  10:51  Marine x2  
  171  10:52  Marine x2  
  171  10:53  Marine, Medivac x2  
  164  10:59  Marine  
  164  11:01  Marine x7  
  153  11:08  Marine x2  
  153  11:09  Marine x3  
  153  11:10  Marine x2  
  158  11:17  Marine  
  159  11:19  Marine x6  
  159  11:20  Marauder  
  159  11:22  Medivac  
  159  11:23  Medivac  
  171  11:26  Marine x2  
  171  11:27  Marine x3  
  171  11:28  Marine x2  
  173  11:35  Marine  
  173  11:37  Marine x6  
  175  11:41  Marauder  
  175  11:44  Marine x3  
  175  11:45  Marine x2  
  175  11:46  Marine x2  
  183  11:52  Marine  
  183  11:54  Marine  
  183  11:55  Marine x5  
Tags
 
Add a new tag
Caveats
  • Supply blocks, unpowered buildings, or Contaminate may cause inaccurate times.
  • Supply counts are checked every 10 seconds.